 Dungeon Crawl Stone Soup version 0.13.0-18-g7b03ea5 (webtiles) character file.

83 MDvedh the Skirmisher (level 3, 0/28 HPs)
             Began as a Demonspawn Abyssal Knight on Oct 22, 2013.
             Was a Believer of Lugonu.
             Slain by a giant gecko (3 damage)
             ... on Level 2 of the Dungeon.
             The game lasted 00:02:28 (1318 turns).

MDvedh the Skirmisher (Demonspawn Abyssal Knight)   Turns: 1318, Time: 00:02:28

HP   0/28        AC  3     Str 12      XL: 3   Next:  0%
MP   0/4         EV  9     Int 13      God: Lugonu [**....]
Gold 55          SH  7     Dex 13      Spells:  0 memorised,  2 levels left

Res.Fire  : . . .   See Invis. : .   a - +2 mace
Res.Cold  : . . .   Warding    : .   b - +0 leather armour
Life Prot.: . . .   Conserve   : .   k - +0 buckler
Res.Poison: .       Res.Corr.  : .   (no helmet)
Res.Elec. : .       Clarity    : .   (no cloak)
Sust.Abil.: . .     Spirit.Shd : +   (no gloves)
Res.Mut.  : .       Stasis     : .   (no boots)
Res.Rott. : .       Flight     : .   (no amulet)
Saprovore : . . .                    (no ring)
                                     (no ring)

@: not resistant to hostile enchantments, very unstealthy
A: demonic guardian 1, magic shield
a: Depart the Abyss, Bend Space, Renounce Religion


You were on level 2 of the Dungeon.
You worshipped Lugonu.
Lugonu was pleased with you.
You were not hungry.

You visited 1 branch of the dungeon, and saw 2 of its levels.
You visited the Abyss 1 time.

You collected 35 gold pieces.

Inventory:

Hand weapons
 a - a +2,+2 mace (weapon)
 g - a +3,+1 dwarven short sword
Missiles
 d - 12 stones (quivered)
Armour
 b - a +0 leather armour (worn)
 k - a +0 buckler (worn)
Comestibles
 c - a bread ration
Scrolls
 e - a scroll of fear {unknown}
 f - a scroll of curse jewellery {unknown}
 h - a scroll of identify {unknown}
 i - a scroll of remove curse {unknown}
 l - a scroll of teleportation {unknown}
Potions
 j - a potion of might {unknown}
 m - a potion of heal wounds {unknown}


   Skills:
 - Level 3.0 Fighting
 + Level 3.0 Maces & Flails
 - Level 1.7 Armour
 - Level 0.8 Dodging
 + Level 0.5 Shields
 - Level 2.4 Invocations


You had 2 spell levels left.
You didn't know any spells.

Dungeon Overview and Level Annotations

Branches:
Dungeon (2/27)

Altars:


Innate Abilities, Weirdness & Mutations

A weak demonic guardian rushes to your aid.
When hurt, damage is shared between your health and your magic reserves.


Message History

The giant gecko barely misses you. The giant gecko bites you.
* * * LOW HITPOINT WARNING * * *
You closely miss the giant gecko. The giant gecko closely misses you.
The giant gecko barely misses you.
You hit the giant gecko but do no damage.
The giant gecko closely misses you.
You hit the giant gecko.
The giant gecko is moderately wounded.
The giant gecko bites you but does no damage.
The giant gecko barely misses you.
You closely miss the giant gecko.
The giant gecko is moderately wounded.
The giant gecko bites you.
* * * LOW HITPOINT WARNING * * *
The giant gecko bites you.
* * * LOW HITPOINT WARNING * * *
You completely miss the giant gecko.
The giant gecko is lightly wounded.
The giant gecko bites you.
You die...

#.# #..## #.##8..8## #..
.>...# #.# .....# #
###.##8..8# ...
#....##..##..##
#....##....#...
#....+l%........
#....##@..##..#
#############..........#
....)...................
######......#...#.....##
#......#...#.#####
####[.....#...#..
#.............###.
#.###.....#...# .. #.#
#.........#


You could see a giant gecko.

Vanquished Creatures
  3 giant geckos (D:1)
  An ooze (D:2)
  A giant cockroach (D:1)
  4 goblins (D:1)
  A hobgoblin (D:1)
  6 kobolds
  4 bats
  4 rats
24 creatures vanquished.

Notes
Turn   | Place    | Note
--------------------------------------------------------------
     0 | Abyss:1  | MDvedh, the Demonspawn Abyssal Knight, began the quest for the Orb.
     0 | Abyss:1  | Reached XP level 1. HP: 16/16 MP: 1/1
     9 | D:1      | Escaped the Abyss
   150 | D:1      | Gained mutation: When hurt, damage is shared between your health and your magic reserves. [demonic ancestry]
   150 | D:1      | Reached XP level 2. HP: 15/22 MP: 2/2
   711 | D:1      | Acquired Lugonu's second power
  1313 | D:2      | Gained mutation: A weak demonic guardian rushes to your aid. [demonic ancestry]
  1313 | D:2      | Reached XP level 3. HP: 10/28 MP: 4/4
  1318 | D:2      | Slain by a giant gecko

Action                   || total
-------------------------++-------
Melee: Mace              ||    72
